 Dungeon Crawl Stone Soup version 0.31.0-11-ge490571c62 (console) character file.

Game seed: 16641876940288314097

3793 AlterAsc the Severer (level 10, -15/77 HPs)
             Began as a Hill Orc Fighter on Feb 10, 2024.
             Was a Believer of Uskayaw.
             Demolished by a komodo dragon (18 damage)
             ... on level 7 of the Dungeon.
             The game lasted 00:10:48 (5815 turns).

AlterAsc the Severer (Hill Orc Fighter)             Turns: 5815, Time: 00:10:48

Health: -15/77     AC: 16    Str: 24    XL:     10   Next: 16%
Magic:  16/16      EV:  6    Int:  8    God:    Uskayaw [**....]
Gold:   292        SH:  4    Dex: 10    Spells: 9/9 levels left

rFire   . . .        g - +0 war axe (venom)
rCold   . . .        c - +0 buckler
rNeg    . . .        e - +0 plate armour
rPois   .            u - +0 hat
rElec   .            f - +0 cloak
rCorr   .            (no gloves)
SInv    .            (no boots)
Will    .....        (no amulet) Stlth
                     d - +4 ring of protection
HPRegen 0.32/turn    q - +4 ring of slaying
MPRegen 0.15/turn

%: no passive effects
@: studying Translocations
A: no striking features
a: Renounce Religion, Stomp, Line Pass


You were on level 7 of the Dungeon.
You worshipped Uskayaw.
Uskayaw was aware of your devotion.
You visited 1 branch of the dungeon, and saw 7 of its levels.

You collected 331 gold pieces.
You spent 39 gold pieces at shops.

Inventory:

Hand Weapons
 a - a +0 war axe
 g - a +0 war axe of venom (weapon)
 o - a +1 flail of holy wrath
Missiles
 p - 5 poisoned darts (quivered)
Armour
 b - a +0 scale mail
 c - a +0 buckler (worn)
 e - a +0 plate armour (worn)
 f - a +0 cloak (worn)
 u - a +0 hat (worn)
Jewellery
 d - a +4 ring of protection (left hand)
 l - a ring of protection from cold
 q - a +4 ring of slaying (right hand)
 z - a ring of resist corrosion
Wands
 k - a wand of paralysis (7)
 y - a wand of flame (17)
Scrolls
 h - 3 scrolls of identify {unknown}
 j - 2 scrolls of amnesia {unknown}
 m - a scroll of brand weapon {unknown}
 n - a scroll of teleportation
 r - 2 scrolls of fear {unknown}
 s - 2 scrolls of poison {unknown}
 w - a scroll of torment {unknown}
 x - a scroll of vulnerability {unknown}
Potions
 i - a potion of brilliance
 t - a potion of enlightenment {unknown}
 v - 2 potions of ambrosia {unknown}
 A - a potion of haste


   Skills:
 - Level 3.6 Fighting
 - Level 16.0 Axes
 - Level 3.2 Armour
 - Level 3.2 Shields
 + Level 9.2 Invocations


You had 9 spell levels left.
You didn't know any spells.
Your spell library contained the following spells:

 Spells                   Type           Power      Damage    Failure   Level
 Shock                    Conj/Air       0%         1d3       100%        1
 Ozocubu's Armour         Ice            0%         N/A       100%        3
 Swiftness                Air            0%         N/A       100%        3
 Airstrike                Air            0%         2d(0-16)  100%        4
 Metabolic Englaciation   Hex/Ice        0%         N/A       100%        5
 Sculpt Simulacrum        Ice/Alch       0%         N/A       100%        6


Dungeon Overview and Level Annotations

Branches:
Dungeon (7/15)             Temple (0/1) D:5

Altars:
Fedhas
Kikubaaqudgha
Trog
Uskayaw
Wu Jian
Xom
Yredelemnul
Zin
The Shining One

Shops:
D:5 *?

Annotations:
D:2 1 runed translucent door, Crazy Yiuf
D:7 2 transporters, Hawk2023's ghost, novice OpSh


Message History

A komodo dragon comes into view.
Found a scroll labelled WICIFI UPRYLAX.
The komodo dragon hisses angrily.
The komodo dragon bites you but does no damage.
You hit the komodo dragon but do no damage.
The komodo dragon is poisoned.
The komodo dragon bites you!!
You hit the komodo dragon.
The komodo dragon looks as sick as possible!
The komodo dragon is lightly wounded.
The komodo dragon barely misses you.
You barely miss the komodo dragon.
The komodo dragon is lightly wounded.
The komodo dragon bites you!!
You closely miss the komodo dragon.
The komodo dragon is lightly wounded.
You barely miss the komodo dragon.
The komodo dragon is moderately wounded.
You block the komodo dragon's attack.
You slash the komodo dragon!
The komodo dragon looks as sick as possible!
The komodo dragon is heavily wounded.
The komodo dragon bites you!
* * * LOW HITPOINT WARNING * * *
Okay, then.
You completely miss the komodo dragon.
The komodo dragon is heavily wounded.
You hit the komodo dragon.
The komodo dragon looks as sick as possible!
The komodo dragon is heavily wounded.
You block the komodo dragon's attack.
You slash the komodo dragon!
The komodo dragon is almost dead.
The komodo dragon bites you!
* * * LOW HITPOINT WARNING * * *
You can now pass through a line of other dancers.
Okay, then.
You barely miss the komodo dragon.
The komodo dragon is almost dead.
The komodo dragon bites you!!
You die...

########## #.....?..#
#........# #........#
#....l...# #.....@..#
#........####
+...........#####
##..............#
#..#.####.####.######
###..##.....##.##...#
....#.......#..#..###
#....#.......#.....##.
#........_.†...##..#..
...#.......#..+..'..
...#.......#.######.


You could see a komodo dragon (extremely poisoned).

Vanquished Creatures
  Pikel (D:5)
  Maggie (D:7)
  Prince Ribbit (D:6)
  4 yaks (D:7)
  Edmund (D:4)
  2 water moccasins (D:7)
  A black bear (D:7)
  2 ice beasts (D:6)
  2 ogres
  2 centaurs
  2 lemures (D:5)
  A phantom (D:5)
  2 scorpions
  A burial acolyte (D:6)
  5 killer bees (D:7)
  2 bombardier beetles
  A hound (D:6)
  3 jellies
  8 orc priests
  A sleepcap (D:4)
  Terence (D:3)
  5 iguanas
  4 orc wizards
  2 hound zombies (D:6)
  5 adders
  4 shadow imps
  A white imp (D:6)
  An adder zombie (D:6)
  2 ribbon worms
  2 dart slugs
  17 orcs
  5 ball pythons
  10 endoplasms
  2 giant cockroaches
  4 goblins
  4 hobgoblins
  5 jackals
  12 kobolds
  2 quokkas (D:1)
  4 bats
  3 frilled lizards
  3 gnoll zombies (D:6)
  A kobold zombie (D:6)
  2 rats
144 creatures vanquished.

Notes
Turn   | Place    | Note
-------+----------+-------------------------------------------
     0 | D:1      | AlterAsc the Hill Orc Fighter began the quest for the Orb.
     0 | D:1      | Reached XP level 1. HP: 19/19 MP: 1/1
   144 | D:1      | Reached skill level 3 in Axes
   242 | D:1      | Reached XP level 2. HP: 20/26 MP: 2/2
   322 | D:1      | Found a faded altar of an unknown god.
   331 | D:1      | Reached skill level 4 in Axes
   702 | D:2      | Reached XP level 3. HP: 29/31 MP: 3/3
   932 | D:2      | Found a basalt altar of Yredelemnul.
   938 | D:2      | Reached skill level 5 in Axes
  1023 | D:2      | Found a runed translucent door.
  1024 | D:2      | Noticed Crazy Yiuf
  1486 | D:3      | Found a hide-covered altar of Uskayaw.
  1486 | D:3      | Found an ornate altar of the Wu Jian Council.
  1492 | D:3      | Found a glowing silver altar of Zin.
  1496 | D:3      | Found a blossoming altar of Fedhas.
  1498 | D:3      | Became a worshipper of Uskayaw the Reveller
  1518 | D:3      | Reached * piety under Uskayaw
  1528 | D:3      | Reached skill level 1 in Invocations
  1528 | D:3      | Reached XP level 4. HP: 35/39 MP: 3/5
  1528 | D:3      | Reached ** piety under Uskayaw
  1576 | D:3      | Reached skill level 6 in Axes
  1576 | D:3      | Reached XP level 5. HP: 6/45 MP: 6/6
  2061 | D:3      | Noticed Terence
  2069 | D:3      | Killed Terence
  2308 | D:4      | Reached skill level 7 in Axes
  2376 | D:4      | Reached XP level 6. HP: 51/51 MP: 8/8
  2654 | D:4      | Noticed Edmund
  2671 | D:4      | Killed Edmund
  2672 | D:4      | Reached skill level 8 in Axes
  2900 | D:5      | Entered Level 5 of the Dungeon
  2961 | D:5      | Found Taron's Magic Scroll Shop.
  2964 | D:5      | Found Jule's General Store.
  3000 | D:5      | Bought a scroll of teleportation for 39 gold pieces
  3026 | D:5      | Reached *** piety under Uskayaw
  3028 | D:5      | Reached **** piety under Uskayaw
  3029 | D:5      | Reached skill level 9 in Axes
  3029 | D:5      | Reached XP level 7. HP: 43/57 MP: 9/9
  3105 | D:5      | Reached ***** piety under Uskayaw
  3109 | D:5      | Reached skill level 10 in Axes
  3495 | D:5      | Reached skill level 11 in Axes
  3592 | D:5      | Reached XP level 8. HP: 34/64 MP: 10/10
  3607 | D:5      | HP: 3/64 [poisoned by an orc priest]
  3938 | D:5      | Found a staircase to the Ecumenical Temple.
  4175 | D:5      | Noticed Pikel
  4178 | D:5      | Paralysed by Pikel for 5 turns
  4189 | D:5      | Killed Pikel
  4190 | D:5      | Reached skill level 13 in Axes
  4474 | D:6      | Reached skill level 14 in Axes
  4541 | D:6      | Reached XP level 9. HP: 70/70 MP: 11/11
  4545 | D:6      | Noticed Prince Ribbit
  4549 | D:6      | Killed Prince Ribbit
  4637 | D:6      | Reached skill level 15 in Axes
  4976 | D:6      | Found an ancient bone altar of Kikubaaqudgha.
  5113 | D:7      | Found a shimmering altar of Xom.
  5115 | D:7      | Found a shimmering altar of Xom.
  5116 | D:7      | Found a shimmering altar of Xom.
  5120 | D:7      | Found a transporter.
  5287 | D:7      | Found a bloodstained altar of Trog.
  5287 | D:7      | Noticed Hawk2023's ghost (novice OpSh)
  5287 | D:7      | Noticed a moth of wrath
  5306 | D:7      | Found a transporter.
  5387 | D:7      | Noticed Maggie
  5402 | D:7      | Reached skill level 16 in Axes
  5407 | D:7      | Killed Maggie
  5701 | D:7      | Reached XP level 10. HP: 77/77 MP: 13/16
  5781 | D:7      | Found a glowing golden altar of the Shining One.
  5814 | D:7      | HP: 3/77 [komodo dragon (16)]
  5815 | D:7      | Demolished by a komodo dragon

Illustrated notes

Levels and vault maps discovered:
D:1:      sevenhm_arrival_forest_fort_large_2, layout_basic,
          chequers_ecumenical_altar_simple_redux
D:2:      layout_basic, basic_altar, uniq_crazy_yiuf_cottage
D:3:      layout_rooms, nicolae_overflow_macrodata_refinement,
          dk_noncrumbling_3, chequers_garden, st_stairs_14,
          chequers_serial_rivers_large_b, uniq_terence
D:4:      layout_cave_pools, uniq_edmund
D:5:      layout_basic, minmay_temple_entry_statues_pillars,
          nicolae_wooded_promenade, uniq_pikel
D:6:      layout_gridville, regret_index_kikubaaqudgha_part_by_part,
          minmay_starry_boxes, uniq_prince_ribbit1
D:7:      layout_gridville, xom_redecorated, old_standard_altar,
          gammafunk_ghost_wrathful_warriors, kennysheep_generic_room_5,
          uniq_maggie

Skill      XL: |  1  2  3  4  5  6  7  8  9 10 |
---------------+-------------------------------+-----
Axes           | 3 4 5 6 7 9 11 14 16 | 16.0
Invocations    | 1 2 3 8 9 |  9.2
Fighting       | |  3.6
Armour         | |  3.2
Shields        | |  3.2

Action                     |  1- 3 |  4- 6 |  7- 9 | 10-12 || total
---------------------------+-------+-------+-------+-------++-------
  Melee: War axe           |   103 |    98 |   169 |    23 ||   393
 Invoke: Line Pass         |       |     1 |     4 |       ||     5
    Use: Potion            |       |     1 |     8 |       ||     9
         Scroll            |       |       |     1 |       ||     1
   Stab: Paralysed         |       |     2 |     8 |       ||    10
 Armour: Plate armour      |    95 |    96 |   113 |    12 ||   316
  Dodge: Dodged            |    23 |    23 |    29 |     5 ||    80
  Block: Buckler           |    18 |    21 |    27 |     7 ||    73
